 Dungeon Crawl Stone Soup version 0.29-a0-384-g6960b1960d (webtiles) character file.

Game seed: 8617367195279444853

2219 NinjaNoafa the Skirmisher (level 9, -6/117 HPs)
             Began as a Minotaur Monk on May 6, 2022.
             Was a Follower of Ru.
             Mangled by a boulder beetle (20 damage)
             ... on level 6 of the Dungeon.
             The game lasted 00:16:56 (6160 turns).

NinjaNoafa the Skirmisher (Minotaur Monk)           Turns: 6160, Time: 00:16:57

Health: -6/117     AC: 24    Str: 21    XL:     9   Next: 13%
Magic:  8/8        EV:  2    Int:  7    God:    Ru [*.....]
Gold:   368        SH:  5    Dex: 12    Spells: 8/8 levels left

rFire   . . .      SeeInvis .   a - +7 falchion
rCold   . . .      Faith    +   m - +0 buckler
rNeg    . . .      Spirit   .   (body armour currently unavailable)
rPois   +          Reflect  .   (helmet currently unavailable)
rElec   .          Harm     .   (cloak currently unavailable)
rCorr   .          Rampage  .   (gloves currently unavailable)
Will    .....      NoTele   +   (boots currently unavailable)
Stlth   ++........              p - amulet of faith
HPRegen 0.29/turn               (no ring)
MPRegen 0.11/turn               (no ring)

@: tree-form, horrified
A: stationary, stasis, torment immunity, boosted hp, (horns 2), cowardly,
(retaliatory headbutt)
a: Renounce Religion


You were on level 6 of the Dungeon.
You worshipped Ru.
Ru was aware of your devotion.
You were a tree.
You visited 2 branches of the dungeon, and saw 7 of its levels.
You also visited: Ossuary.

You collected 368 gold pieces.

Inventory:

Hand Weapons
 a - a +7 falchion (weapon)
Missiles
 l - 4 poisoned darts (quivered)
Armour
 b - a +0 cloak (melded)
 d - a +0 plate armour (melded)
 m - a +0 buckler (worn)
 o - a +2 pair of boots (melded)
 u - a +0 pair of gloves (melded)
Jewellery
 p - an amulet of faith (around neck)
Wands
 e - a wand of charming (6)
 v - a wand of polymorph (4)
Scrolls
 f - 4 scrolls of noise
 h - 4 scrolls of immolation
 j - 4 scrolls of teleportation
 q - 2 scrolls of fear
 r - 2 scrolls of fog
 t - a scroll of blinking
 y - a scroll of identify
Potions
 c - 2 potions of flight
 g - 3 potions of brilliance
 i - a potion of haste
 k - a potion of curing
 n - 2 potions of cancellation
 s - 4 potions of attraction


   Skills:
 - Level 6.9 Fighting
 - Level 6.5 Long Blades
 - Level 6.2 Axes
 - Level 5.2 Staves
 - Level 6.3 Armour
 - Level 4.9 Dodging
 - Level 1.5 Stealth
 - Level 4.0 Shields
 + Level 0.0 Evocations


You had 8 spell levels left.
You didn't know any spells.
Your spell library contained the following spells:

 Spells                   Type           Power      Damage    Failure   Level
 Foxfire                  Conj/Fire      0%         2x1d4     52%         1
 Sandblast                Erth           0%         2d4       52%         1
 Passwall                 Tmut/Erth      0%         N/A       65%         2
 Conjure Flame            Conj/Fire      0%         6-21      87%         3
 Frozen Ramparts          Ice            0%         1d2       87%         3
 Inner Flame              Hex/Fire       0%         N/A       87%         3
 Stone Arrow              Conj/Erth      0%         3d7       87%         3
 Flame Wave               Conj/Fire      0%         2d4       99%         4
 Ice Form                 Ice/Tmut       0%         N/A       99%         4
 Summon Ice Beast         Ice/Summ       0%         N/A       99%         4
 Fireball                 Conj/Fire      0%         3d3       100%        5
 Iskenderun's Battlesphe  Conj           0%         2d6       100%        5
 Conjure Ball Lightning   Conj/Air       0%         3x3d6     100%        6
 Orb of Destruction       Conj           0%         9d5       100%        7


Dungeon Overview and Level Annotations

Branches:
Dungeon (6/15)             Temple (1/1) D:4         Ossuary (visited)

Altars:
Ashenzari
Cheibriados
Dithmenos
Elyvilon
Fedhas
Gozag
Hepliaklqana
Kikubaaqudgha
Makhleb
Nemelex Xobeh
Okawaru
Qazlal
Ru
Sif Muna
Uskayaw
Vehumet
Xom
Yredelemnul
Zin
The Shining One
Beogh

Shops:
D:5 [((


Innate Abilities, Weirdness & Mutations

You are a tree.
Your roots penetrate the ground, keeping you stationary.
You cannot be teleported.
You are immune to unholy pain and torment.
Your maximum health is greatly increased.
Your equipment is partially melded.
((You have a pair of horns on your head.))
Your cowardice makes you less effective in combat with threatening foes.
((You reflexively headbutt those who attack you in melee.))


Message History

The boulder beetle bites you but does no damage.
You hit the boulder beetle but do no damage.
You headbutt the boulder beetle, but do no damage.
The boulder beetle is lightly wounded.
The boulder beetle bites you!!
You hit the boulder beetle. You headbutt the boulder beetle!
The boulder beetle is moderately wounded.
The boulder beetle bites you. The boulder beetle bites you!
* * * LOW HITPOINT WARNING * * *
The boulder beetle leaps!
It was a potion of lignification.
You turn into a tree.
Your +0 cloak melds into your body.
Your +0 pair of gloves melds into your body.
Your +2 pair of boots melds into your body.
Your +0 plate armour melds into your body.
Your roots penetrate the ground.
You don't have any unidentified items.
You can't see any enemies this would affect, really read the scroll of poison?
The air fills with toxic fumes!
As you read the scroll of poison, it crumbles to dust.
Unknown command.
You feel a twist of horror at the sight of this foe.
The boulder beetle curls into a ball and begins rolling!
You are too injured to fight recklessly!
Throw: 5 darts (poison)
Press: ? - help, Q - select action, (/) - cycle Shift-Dir - straight line, f - boulder beetle
Aim: a boulder beetle (moderately wounded, rolling, 89% to hit)
You throw a poisoned dart.
The poisoned dart hits the boulder beetle.
The boulder beetle is moderately wounded.
You feel better.
The boulder beetle is engulfed in poison gas.
The boulder beetle is poisoned.
The boulder beetle hits you!!
* * * LOW HITPOINT WARNING * * *
The boulder beetle stops rolling and uncurls.
You feel better.
The boulder beetle is engulfed in poison gas.
The boulder beetle looks even sicker.
The boulder beetle bites you!!
You die...

#.#
#####.####
#.# ##.
###.## #.#
#.. ..# #.#
#.### #.#
#.#
#.#.#####.#
#.#
#..#.##[#.#
#.# #.###.#
..# #.#
#..#.####.#
#.#
#.###.#♣B§#
#.#
#..#.#§#§##
#.#
#.########
#.# #.# #.#
#.# #.###.#
#.##..#
#.##.##
#.##.#


You could see a boulder beetle (very poisoned).

Vanquished Creatures
  Pikel (D:6)
  Maggie (D:6)
  Menkaure (D:6)
  An ice beast (D:5)
  A black bear (D:5)
  A centaur (D:5)
  3 lemures (D:6)
  4 scorpions
  7 water moccasin zombies (Ossuary)
  A hound (D:5)
  A jelly (D:5)
  2 orc priests
  Jessica (D:2)
  5 iguanas
  3 orc wizards (D:4)
  2 mummies (Ossuary)
  8 adders
  6 adder zombies (Ossuary)
  A worm (D:4)
  4 dart slugs
  15 orcs
  8 ball pythons
  6 endoplasms
  4 giant cockroaches
  6 gnoll zombies (Ossuary)
  7 goblins
  11 hobgoblins
  3 kobolds
  7 quokkas
  6 bats
  3 frilled lizards
  3 hobgoblin zombies (Ossuary)
  7 kobold zombies (Ossuary)
  2 orc zombies (Ossuary)
  3 rats (D:2)
145 creatures vanquished.

Vanquished Creatures (others)
  6 plants (D:4)
6 creatures vanquished.

Grand Total: 151 creatures vanquished

Notes
Turn   | Place    | Note
-------+----------+-------------------------------------------
     0 | D:1      | NinjaNoafa the Minotaur Monk began the quest for the Orb.
     0 | D:1      | Reached XP level 1. HP: 19/19 MP: 0/0
    85 | D:1      | Found a faded altar of an unknown god.
    92 | D:1      | Reached skill level 1 in Armour
   107 | D:1      | Reached XP level 2. HP: 22/27 MP: 1/1
   486 | D:1      | Reached XP level 3. HP: 4/33 MP: 2/2
  1486 | D:2      | Noticed Jessica
  1505 | D:2      | Killed Jessica
  1506 | D:2      | Reached XP level 4. HP: 21/40 MP: 3/3
  2424 | D:3      | Reached skill level 1 in Shields
  2437 | D:3      | Reached XP level 5. HP: 22/46 MP: 4/4
  2439 | D:3      | Found the +7 staff of the Meek {protect, meekguard}
  2761 | D:3      | Reached skill level 1 in Staves
  3054 | D:4      | Found a sand-covered staircase.
  3152 | D:4      | Reached XP level 6. HP: 49/52 MP: 5/5
  3189 | Ossuary  | Entered an ossuary
  3412 | Ossuary  | Reached skill level 5 in Fighting
  3412 | Ossuary  | Reached XP level 7. HP: 60/61 MP: 6/6
  3443 | Ossuary  | Reached skill level 5 in Staves
  3874 | D:4      | Reached skill level 1 in Long Blades
  4052 | D:4      | Found a staircase to the Ecumenical Temple.
  4061 | Temple   | Entered the Ecumenical Temple
  4191 | Temple   | Became a worshipper of Ru the Awakened
  4208 | D:4      | Gained mutation: Your cowardice makes you less effective in
                  | combat with threatening foes. [Ru sacrifice]
  4208 | D:4      | Reached * piety under Ru
  4400 | D:5      | Entered Level 5 of the Dungeon
  4404 | D:5      | Found a hazy altar of Hepliaklqana.
  4542 | D:5      | Found Voexuh's Antique Weapon Shop.
  4550 | D:5      | Found Otegam's Antique Armour Emporium.
  4554 | D:5      | Found Yreb's Weapon Shop.
  4554 | D:5      | Found Cakheucs's Antique Weapon Emporium.
  4646 | D:5      | Reached XP level 8. HP: 69/69 MP: 7/7
  4662 | D:5      | Reached skill level 5 in Long Blades
  4668 | D:5      | Reached skill level 5 in Armour
  5303 | D:5      | Found a stormy altar of Qazlal.
  5624 | D:6      | Noticed Pikel
  5649 | D:6      | Killed Pikel
  5650 | D:6      | Reached skill level 5 in Axes
  5807 | D:6      | Noticed Maggie
  5810 | D:6      | Noticed Menkaure
  5819 | D:6      | Killed Maggie
  5820 | D:6      | Reached XP level 9. HP: 29/78 MP: 8/8
  5823 | D:6      | Killed Menkaure
  6143 | D:6      | Noticed a boulder beetle
  6160 | D:6      | Mangled by a boulder beetle

Illustrated notes

Levels and vault maps discovered:
D:1:      scummos_arrival_gate, layout_basic, hellmonk_ecumenical_altar_blasted
D:2:      layout_basic, minmay_quantized, uniq_jessica
D:3:      layout_basic, pf_guarded_unrand_meek
D:4:      layout_loops_ring, minmay_temple_entry_overgrown, enter_ossuary_1,
          corexii_leaking_fountain
D:5:      minmay_inner_zag, layout_basic, kennysheep_mini,
          mainiacjoe_overflow_alcove_2, nicolae_wooded_promenade,
          grunt_decor_fettered
D:6:      layout_basic, minmay_small_thing, uniq_pikel, uniq_menkaure,
          uniq_prince_ribbit1, uniq_maggie
Temple:   compressed_dpeg_circular_temple

Skill      XL: |  1  2  3  4  5  6  7  8  9 |
---------------+----------------------------+-----
Armour         | 1 2 3 4 6 |  6.3
Axes           | 4 5 6 |  6.2
Fighting       | 4 5 6 |  6.9
Shields        | 2 3 4 |  4.0
Staves         | 3 4 5 |  5.2
Dodging        | 4 |  4.9
Long Blades    | 4 6 |  6.5
Stealth        | |  1.5

Action                   |  1- 3 |  4- 6 |  7- 9 || total
-------------------------+-------+-------+-------++-------
Melee: Hand axe          |   105 |    36 |       ||   141
       Headbutt          |    11 |    18 |    31 ||    60
       Punch             |     2 |       |     2 ||     4
       Quarterstaff      |       |    67 |    30 ||    97
       Whip              |       |     5 |       ||     5
       Falchion          |       |       |   159 ||   159
Throw: Dart              |       |       |     1 ||     1
Invok: Sacrifice Courage |       |       |     1 ||     1
  Use: Potion            |     3 |     3 |     8 ||    14
       Scroll            |       |    11 |    10 ||    21
 Stab: Sleeping          |     2 |       |     2 ||     4
Armor: Robe              |    13 |       |       ||    13
       Ring mail         |    10 |       |       ||    10
       Leather armour    |     6 |    44 |    22 ||    72
       Plate armour      |       |       |   115 ||   115
Dodge: Dodged            |    63 |    73 |    60 ||   196
Block: Buckler           |       |     5 |    10 ||    15

Table legend: (Time is in decaauts)
 A = Elapsed time spent in this place.
 B = Non-inter-level travel time spent in this place.
 C = Inter-level travel time spent in this place.
 D = Time resting spent in this place.
 E = Time spent auto-exploring this place.
 F = Levels seen in this place.
 G = Mean time per level.
                   A        B        C        D        E       F      G
               +--------+--------+--------+--------+--------+-----+--------+
         Total |   6210 |   5822 |    388 |      0 |   4496 |   8 |  776.2 |
       Dungeon |   5759 |   5410 |    349 |      0 |   4258 |   6 |  959.8 |
        Temple |    139 |    100 |     39 |      0 |     79 |   1 |  139.0 |
       Ossuary |    311 |    311 |      0 |      0 |    159 |   1 |  311.0 |
               +--------+--------+--------+--------+--------+-----+--------+

Top non-repeatable levels by time:
     D:2: 1299 daAuts
     D:4: 971 daAuts
     D:5: 950 daAuts
     D:1: 926 daAuts
     D:3: 892 daAuts
     D:6: 719 daAuts
 Ossuary: 311 daAuts
  Temple: 139 daAuts
